 Dungeon Crawl Stone Soup version 0.31-a0-232-gb1c03b2570 (webtiles) character file.

Game seed: 6278162381759175418

333845 spiderkeys the Earth Mage (level 20, 142/142 HPs)
             Began as a Demonspawn Ice Elementalist on Oct 7, 2022.
             Was the Champion of Hepliaklqana.
             Quit the game on level 3 of the Shoals on July 7, 2023.
             The game lasted 02:52:56 (48244 turns).

spiderkeys the Earth Mage (DsIE)                   Turns: 48244, Time: 02:52:57

Health: 142/142    AC: 16    Str:  9    XL:     20   Next: 92%
Magic:  39/39      EV: 21    Int: 32    God:    Hepliaklqana [******]
Gold:   1791       SH:  4    Dex: 18    Spells: 7/49 levels left

rFire   + . .        a - +5 sling of Circularity {venom, *Corrode rC+ Dex+4}
rCold   + + .        B - orb {light}
rNeg    . . .        W - +1 robe {Archmagi}
rPois   .            (helmet unavailable)
rElec   .            L - scarf {rC+ rF+}
rCorr   .            i - +0 pair of gloves {infuse}
SInv    +            X - +3 pair of boots "Heerrek" {Int+3}
Will    +....        (no amulet)
Stlth   +            Z - ring of wizardry
HPRegen 0.43/turn    O - +4 ring of protection
MPRegen 0.52/turn

%: corrode self (3%), guardian spirit, wizardry (x1), archmagi, infuse magic (1
MP)
@: glowing, studying Dodging
A: reduced essence, antennae 3, icemail 1, magic shield, magic regeneration,
magic link, big brain 2, condensation shield, bedeviling
}: 2/15 runes: serpentine, barnacled
a: Renounce Religion, Recall Ancestor, Ancestor Identity, Transference, Idealise


You were on level 3 of the Shoals.
You worshipped Hepliaklqana.
Hepliaklqana was exalted by your worship.
You visited 7 branches of the dungeon, and saw 35 of its levels.
You also visited: Sewer, Ossuary and Volcano.

You collected 6389 gold pieces.
You spent 4598 gold pieces at shops.


Innate Abilities, Weirdness & Mutations

Your life essence is reduced to manifest your ancestor. (-10% HP)
You have a pair of large antennae on your head. (SInv)
A meltable icy envelope protects you from harm. (AC +4)
When hurt, damage is shared between your health and your magic reserves.
You regenerate magic rapidly.
When low on magic, you restore magic in place of health.
You have an extremely huge brain. (Int +4)
A meltable shield of frost defends you. (SH +4)
Your hexes are more powerful.


   Skills:
 + Level 13.9 Fighting
 - Level 14.0 Ranged Weapons
 - Level 14.0 Dodging
 - Level 1.7 Stealth
 + Level 15.4 Spellcasting
 - Level 12.2 Conjurations
 - Level 5.0 Hexes
 - Level 3.0 Summonings
 - Level 6.4 Necromancy
 - Level 8.0 Transmutations
 - Level 8.0 Ice Magic
 + Level 15.5 Earth Magic
 - Level 8.0 Poison Magic
 - Level 10.0 Invocations


You had 7 spell levels left.
You knew the following spells:

 Your Spells              Type           Power      Damage    Failure   Level
i - Irradiate             Conj/Tmut      47%        3d27      1%          5
l - Lee's Rapid Deconstr  Erth           56%        3d26*     1%          5
p - Poisonous Vapours     Pois/Air       100%       N/A       1%          2
r - Frozen Ramparts       Ice            100%       1d16      1%          3
s - Statue Form           Tmut/Erth      66%        N/A       1%          6
t - Olgreb's Toxic Radia  Pois           85%        N/A       1%          4
y - Yara's Violent Unrav  Hex/Tmut       49%        3d19      1%          5
I - Leda's Unmaking       Conj/Erth      53%        9d9       1%          6
S - Searing Ray           Conj           100%       2d8       0%          2
X - Anguish               Hex/Necr       47%        N/A       1%          4

Your spell library contained the following spells:

 Spells                   Type           Power      Damage    Failure   Level
 Magic Dart               Conj           100%       1d8       0%          1
 Freeze                   Ice            100%       1d10      1%          1
 Sting                    Tmut/Pois      100%       1d8       1%          1
 Blink                    Tloc           74%        N/A       1%          2
 Cigotuvi's Dreadful Rot  Necr/Pois/Air  100%       N/A       1%          2
 Ensorcelled Hibernation  Hex/Ice        100%       N/A       1%          2
 Lesser Beckoning         Tloc           74%        N/A       1%          2
 Momentum Strike          Conj/Tloc      100%       3d10      1%          2
 Sublimation of Blood     Necr           78%        N/A       1%          2
 Wereblood                Tmut           85%        N/A       1%          2
 Hailstorm                Conj/Ice       94%        3d19      1%          3
 Ignite Poison            Fire/Tmut/Pois 73%        N/A       1%          3
 Mephitic Cloud           Conj/Pois/Air  80%        N/A       1%          3
 Ozocubu's Armour         Ice            85%        N/A       1%          3
 Spider Form              Tmut/Pois      85%        N/A       1%          3
 Tukima's Dance           Hex            91%        N/A       1%          3
 Animate Armour           Summ/Erth      100%       N/A       1%          4
 Dispel Undead            Necr           78%        3d26      1%          4
 Fulminant Prism          Conj/Hex       55%        3d24      1%          4
 Ice Form                 Ice/Tmut       85%        N/A       1%          4
 Iskenderun's Mystic Bla  Conj/Tloc      77%        2d15      1%          4
 Petrify                  Tmut/Erth      100%       N/A       1%          4
 Sticky Flame             Conj/Fire      77%        2d9       1%          4
 Summon Ice Beast         Ice/Summ       74%        N/A       1%          4
 Arcjolt                  Conj/Air       38%        1d48      1%          5
 Blade Hands              Tmut           42%        N/A       1%          5
 Lightning Bolt           Conj/Air       38%        1d57      1%          5
 Metabolic Englaciation   Hex/Ice        49%        N/A       1%          5
 Gell's Gravitas          Tloc           37%        N/A       2%          3
 Teleport Other           Tloc           37%        N/A       2%          3
 Vhi's Electric Charge    Tloc/Air       74%        N/A       2%          3
 Volatile Blastmotes      Fire/Tloc      74%        2d16      2%          3
 Summon Lightning Spire   Summ/Air       51%        N/A       4%          4
 Summon Mana Viper        Hex/Summ       85%        N/A       4%          5
 Eringya's Noxious Bog    Tmut/Pois      42%        4d6       4%          6
 Simulacrum               Ice/Necr       41%        N/A       6%          6
 Airstrike                Air            18%        2d(3-19)  7%          4
 Manifold Assault         Tloc           37%        N/A       7%          4
 Passage of Golubria      Tloc           37%        N/A       7%          4
 Death Channel            Necr           39%        N/A       8%          6
 Conjure Ball Lightning   Conj/Air       38%        3x3d12    9%          6
 Summon Forest            Summ/Tloc      25%        N/A       11%         5
 Enfeeble                 Hex            45%        N/A       56%         7
 Dispersal                Tloc           18%        N/A       69%         6
 Monstrous Menagerie      Summ           30%        N/A       83%         7
 Summon Hydra             Summ           30%        N/A       83%         7
 Shatter                  Erth           56%        3d42*     71%         9
 Discord                  Hex            45%        N/A       99%         8
 Disjunction              Tloc           18%        N/A       100%        8
 Ignition                 Fire           18%        3d7       100%        8
 Maxwell's Capacitive Co  Air            18%        ∞         100%        8
 Chain Lightning          Conj/Air       38%        3d51      100%        9
 Fire Storm               Conj/Fire      38%        8d10      100%        9

Inventory:

Hand Weapons
 a - the +5 sling of Circularity (weapon) {venom, *Corrode rC+ Dex+4}
   (You found it on level 7 of the Dungeon)

   Dex:       It affects your dexterity (+4).
   rC:        It protects you from cold.
   *Corrode:  It may corrode you when you take damage.
Missiles
 e - 5 javelins
 m - 21 boomerangs
 J - 5 silver javelins
 Q - 7 curare-tipped darts {=f}
Armour
 i - a +0 pair of gloves of infusion (worn)
   (You found it in a volcano)
 j - a +1 pair of gloves of stealth
   (You took it off Nikola on level 1 of the Shoals)
 u - the +3 robe "Govebuf" {rElec rPois rC- Slay+2}
   (You found it on level 2 of the Dungeon)

   Slay:      It affects your accuracy & damage with ranged weapons and melee
   (+2).
   rC:        It makes you vulnerable to cold.
   rElec:     It insulates you from electricity.
   rPois:     It protects you from poison.
 B - an orb of light (worn)
   (You found it on level 3 of the Dungeon)
 L - a scarf of resistance (worn)
   (You found it on level 2 of the Lair of Beasts)
 U - a +2 buckler of protection
   (You found it on level 2 of the Snake Pit)
 W - a +1 robe of the Archmagi (worn)
   (You bought it in a shop on level 6 of the Dungeon)
 X - the +3 pair of boots "Heerrek" (worn) {Int+3}
   (You acquired it on level 2 of the Orcish Mines)

   Int:       It affects your intelligence (+3).
Jewellery
 c - a ring of protection from cold
   (You took it off an orc knight on level 1 of the Vaults)
 F - a ring of protection from fire
   (You took it off a salamander on level 1 of the Snake Pit)
 O - a +4 ring of protection (right hand)
   (You found it on level 1 of the Lair of Beasts)
 Y - a +4 ring of slaying
   (You found it on level 4 of the Lair of Beasts)
 Z - a ring of wizardry (left hand)
   (You found it on level 3 of the Dungeon)
Wands
 g - a wand of digging (2)
   (You found it on level 5 of the Lair of Beasts)
 p - a wand of roots (8)
   (You found it on level 8 of the Dungeon)
 x - a wand of flame (22)
   (You took it off Maurice on level 1 of the Orcish Mines)
 z - a wand of charming (35)
   (You found it on level 13 of the Dungeon)
 M - a wand of quicksilver (6)
   (You took it off Amaemon on level 2 of the Lair of Beasts)
Scrolls
 f - 7 scrolls of revelation {!r}
 k - 4 scrolls of brand weapon
 r - 4 scrolls of enchant weapon
 t - 3 scrolls of torment {!r}
 v - 6 scrolls of poison {!r}
 y - 5 scrolls of amnesia
 D - 7 scrolls of butterflies
 E - 7 scrolls of teleportation {@r4}
 H - 3 scrolls of blinking {!r}
 I - 4 scrolls of vulnerability {!r!r}
 K - 3 scrolls of immolation {!r!r}
 N - 2 scrolls of summoning
 P - a scroll of enchant armour
 V - 3 scrolls of fear
Potions
 b - 9 potions of mutation {!q}
 d - 3 potions of berserk rage {!q}
 h - 2 potions of resistance
 l - 8 potions of heal wounds {@q2}
 n - a potion of invisibility
 o - 8 potions of haste {@q3}
 q - 2 potions of ambrosia
 s - 4 potions of lignification {!q}
 w - a potion of magic
 A - 3 potions of might
 C - 9 potions of curing {@q1}
 G - 9 potions of brilliance
 R - 2 potions of cancellation
 S - 4 potions of attraction {!q}
 T - 2 potions of enlightenment

Dungeon Overview and Level Annotations

Branches:
Dungeon (15/15) Zot: 24302  Temple (1/1) D:6 Zot: 5939    Lair (5/5) D:10 Zot: 22144
 Shoals (4/4) Lair:2 Zot: 18625   Snake (4/4) Lair:2 Zot: 15193   Slime (0/5) Lair:4
    Orc (2/2) D:10 Zot: 9974     Elf (0/3) Orc:2        Vaults (4/5) D:14 Zot: 16558
  Crypt (0/3) Vaults:2     Depths (0/4) D:15          Sewer (visited)
Ossuary (visited)         Volcano (visited)

Altars:
Ashenzari
Cheibriados
Dithmenos
Fedhas
Gozag
Hepliaklqana
Kikubaaqudgha
Makhleb
Nemelex Xobeh
Okawaru
Qazlal
Ru
Sif Muna
Trog
Uskayaw
Vehumet
Wu Jian
Xom
Yredelemnul
Jiyva

Shops:
D:1 :?[!   D:6 =[(*:   D:12 ?   Orc:2 ?*?[   Shoals:2 !   Snake:1 [(*
Snake:3 [=:=   Vaults:1 ?   Vaults:2 (   Vaults:3 *:   Vaults:4 ?!((

Annotations:
D:3 Grinder

~~~)~≈≈≈≈≈≈≈≈≈≈≈≈≈≈≈≈≈≈≈≈
~~~~~~≈≈≈≈≈≈~~~~≈≈≈≈≈≈≈≈≈
.~~~~~≈≈≈≈≈≈~~~~≈≈≈≈≈≈≈≈≈
....~~~≈≈≈≈≈~~~~~~≈≈≈≈≈≈≈
.....~~~≈≈~~...~~~~≈≈≈≈≈≈
.###.~~~≈≈~~.#.~~~~~≈≈≈≈≈
## #.~~~~~~~.#....~~~≈≈≈≈
####.~~~~~~~.####..~~≈≈≈≈
......~~~~~~.###@..~~≈≈≈≈
~~..#.~~~~~~....R.~~~≈≈≈≈
~~~..~~~~~~~.....~~~~≈≈≈≈
~~~~~~~~~~~~~~~~~~~~~≈≈≈≈
~~~~~)~~~~~~~~~~~~~~≈≈≈≈≈
~~~~~~~~~~~~~~~~~~~≈≈≈≈≈≈
~~~..))..~~~~~≈≈≈≈≈≈≈≈≈≈≈
~~~...).~~~~~~≈≈≈≈≈≈≈≈≈≈≈
~~.....)~~~~~≈≈≈≈≈≈≈≈≈≈≈


You could see the friendly Codwaddle the knight (fast, reflecting).


Message History

a +0 trident; a merfolk corpse
Things that are here:
a +0 spear; a +0 trident; 3 silver boomerangs 😎 HP[+3]
Your hp is fully restored (184).
You see here a +0 trident.
You see here a staff of poison {!a}.
You swap places.
Things that are here:
a +0 trident; a merfolk corpse You enter the shallow water.
Moving in this stuff is going to be slow.
Codwaddle is no longer moving quickly.
Splash!
You fall into the shallow water.
Moving in this stuff is going to be slow.
Your transformation is almost over.
You revert to your normal fleshy form.
Your +0 pair of gloves of infusion unmelds from your body.
The +3 pair of boots "Heerrek" {Int+3} unmelds from your body.
Your +1 robe of the Archmagi unmelds from your body.
You feel magic pooling in your hands.
You feel powerful.
You enter the shallow water.
Moving in this stuff is going to be slow.
Partly explored, can't reach some places. 😎 HP[-42]
You now have 142 max hp (-42).
Partly explored, can't reach some places.
Partly explored, can't reach some places.
Partly explored, can't reach some places.
Partly explored, can't reach some places.
Partly explored, can't reach some places.
Okay, then.
Unknown command.
Search for what [? for help]? .
(D) Dungeon (T) Temple (L) Lair (A) Shoals (P) Snake Pit (M) Slime Pits (O) Orcish Mines (E) Elven Halls (V) Vaults (C) Crypt (U) Depths
Where to? (Enter - Shoals:3 @ (x,y), ? - help)
Okay, then.
Saving game... please wait. 🤖 Initializing magus.rc ...
Bad monster_list_colour key: strict_neutral Bad channel name 'pray' for runrest: 'pray:' Options error: Missing colour in message_colour setting: 'that.*feels deathly cold' Options error: Missing colour in message_colour setting: 'and you must be Full or above to equip it' Options error: Missing colour in message_colour setting: 'but rights himself reflexively soon after' Options error: Missing colour in message_colour setting: 'before it is too late' ✅ Successfully initialized magus.rc [v1.11.3] Welcome back, spiderkeys the Demonspawn Ice Elementalist.
Hepliaklqana says: Your past becomes your present!
Press ? for a list of commands and other information.
You swap places.
You shoot a sling bullet. The sling bullet hits the plant!!
The plant begins to die.
Codwaddle gestures wildly while chanting.
Codwaddle seems to speed up.
Codwaddle hits the plant with a +0 broad axe of flaming!
Codwaddle burns the plant.
Codwaddle hits the plant with a +0 broad axe of flaming!
The plant begins to die.
Codwaddle burns the plant.
Codwaddle hits the plant with a +0 broad axe of flaming!
The plant begins to die.
Codwaddle burns the plant.
Codwaddle hits the plant with a +0 broad axe of flaming!!
Codwaddle burns the plant.
Codwaddle hits the plant with a +0 broad axe of flaming!
Codwaddle burns the plant.
Codwaddle hits the plant with a +0 broad axe of flaming!
Codwaddle burns the plant.
Codwaddle hits the plant with a +0 broad axe of flaming!
Codwaddle burns the plant.
Codwaddle hits the plant with a +0 broad axe of flaming!
Codwaddle burns the plant.
Codwaddle hits the plant with a +0 broad axe of flaming!
Codwaddle burns the plant.
A nearby plant withers and dies.
A nearby plant withers and dies.
A nearby plant withers and dies.
Splash!
You fall into the shallow water.
Moving in this stuff is going to be slow.
There is a stone staircase leading up here.
You climb upwards.
There is a stone staircase leading down here.
Partly explored, can't reach some places.
(D) Dungeon (T) Temple (L) Lair (A) Shoals (P) Snake Pit (M) Slime Pits (O) Orcish Mines (E) Elven Halls (V) Vaults (C) Crypt (U) Depths
Where to? (? - help)
Okay, then.
Cast which spell? (? or * to list)
Okay, then.
Okay, then.
Are you sure you want to abandon this character and quit the game? (Confirm with "yes".)

Skill      XL: |  1  2  3  4  5  6  7  8  9 10 11 12 13 14 15 16 17 18 19 20 |
---------------+-------------------------------------------------------------+-----
Dodging        | 2 3 4 5 6 9 12 14 | 14.0
Fighting       | 1 2 3 4 5 6 7 9 10 12 13 | 13.9
Ice Magic      | 4 5 6 7 8 |  8.0
Spellcasting   | 3 4 5 6 8 9 12 13 14 15 | 15.4
Poison Magic   | 5 8 |  8.0
Summonings     | 3 |  3.0
Conjurations   | 3 5 8 10 12 | 12.2
Invocations    | 5 10 | 10.0
Transmutations | 3 5 8 |  8.0
Hexes          | 5 |  5.0
Necromancy     | 6 |  6.4
Ranged Weapons | 1 6 9 11 12 14 | 14.0
Earth Magic    | 6 11 14 15 | 15.5
Stealth        | |  1.7

Action                     |  1- 3 |  4- 6 |  7- 9 | 10-12 | 13-15 | 16-18 | 19-21 || total
---------------------------+-------+-------+-------+-------+-------+-------+-------++-------
  Melee: Unarmed           |    15 |       |       |       |    10 |       |       ||    25
         Dagger            |    45 |    80 |   120 |       |       |       |       ||   245
         Punch             |       |     1 |       |       |       |       |       ||     1
         Sling             |       |       |       |       |       |       |     1 ||     1
   Fire: Sling             |       |       |    18 |   323 |   698 |  1139 |   878 ||  3056
  Throw: Stone             |     2 |     2 |       |       |       |       |       ||     4
         Dart              |       |       |       |       |       |     1 |       ||     1
   Cast: Freeze            |    56 |   105 |   108 |    35 |    45 |       |       ||   349
         Ozocubu's Armour  |       |     3 |    10 |     8 |     6 |       |       ||    27
         Frozen Ramparts   |       |     5 |    10 |    33 |    34 |     7 |       ||    89
         Summon Ice Beast  |       |       |     4 |    14 |     8 |       |       ||    26
         Poisonous Vapours |       |       |     3 |    66 |    86 |    12 |       ||   167
         Irradiate         |       |       |       |     9 |    40 |    44 |    19 ||   112
         Hailstorm         |       |       |       |     4 |    37 |     1 |       ||    42
         Ice Form          |       |       |       |       |     2 |       |       ||     2
         Olgreb's Toxic Ra |       |       |       |       |    22 |    24 |    22 ||    68
         Anguish           |       |       |       |       |    12 |    21 |     3 ||    36
         Yara's Violent Un |       |       |       |       |     4 |    47 |    25 ||    76
         Searing Ray       |       |       |       |       |     1 |     5 |       ||     6
         Statue Form       |       |       |       |       |       |    63 |    63 ||   126
         Iron Shot         |       |       |       |       |       |    24 |    61 ||    85
         Lee's Rapid Decon |       |       |       |       |       |       |    16 ||    16
 Invoke: Ancestor Identity |       |       |     1 |       |       |       |       ||     1
         Recall Ancestor   |       |       |       |     5 |       |     4 |     4 ||    13
         Ancestor Life: Kn |       |       |       |     1 |       |       |       ||     1
         Idealise          |       |       |       |       |       |     4 |       ||     4
Ability: End Transformatio |       |       |       |       |     1 |     1 |       ||     2
  Evoke: Wand              |       |       |       |     2 |     3 |     8 |       ||    13
    Use: Scroll            |     6 |     9 |     6 |     5 |    11 |     8 |     2 ||    47
         Potion            |       |     1 |     1 |     5 |     2 |     4 |       ||    13
   Stab: Sleeping          |       |     1 |       |       |       |       |       ||     1
 Armour: Robe              |    12 |    46 |    40 |    33 |   107 |    20 |     3 ||   261
         Skin              |       |       |       |       |     4 |   285 |   304 ||   593
  Dodge: Dodged            |    71 |   123 |   146 |   100 |   312 |   608 |   592 ||  1952
  Block: Orb               |       |       |    15 |    27 |    55 |   112 |   100 ||   309

Levels and vault maps discovered:
D:1:      mushboom_english_gardens, layout_basic, serial_shops, shop,
          nicolae_shop_crystal, nicolae_shop_advertising_works
          [nicolae_subvault_shop_adworks], nicolae_shop_hallway_stairs,
          shapermc_ecumenical_altar_notcrosses, st_stairs_14,
          minmay_tetromino_i2
D:2:      layout_basic, hex_large, uniq_terence, uniq_robin
D:3:      layout_loops_cross, marbit_many_paths,
          mainiacjoe_overflow_six_doors_small, portal_sewer_entry_c,
          minmay_shallow_snake_nest, uniq_grinder
D:4:      layout_loops_ring, elyvilon_altar_5, nicolae_ru_awakened_eye,
          enter_ossuary_4, kennysheep_windowed_goal, uniq_duvessa
D:5:      layout_cave_pools, gammafunk_temple_overflow_wave
D:6:      layout_loops_ring, minmay_temple_entry_statues, serial_shops, shop,
          shop, nicolae_diamond_shop, nicolae_shop_stone, nicolae_square_shop,
          nicolae_eternal_life, uniq_pikel, uniq_maggie
D:7:      layout_cave_pools, kennysheep_slug_shrine,
          cheibrodos_ashenzari_chains, fedhas_altar_3
D:8:      layout_basic, grunt_dithmenos_shadows, vehumet_statue,
          lemuel_doored_altar, lightli_church_of_beogh
D:9:      layout_small_grid, zin_academy, mainiacjoe_overflow_boulevard,
          bloody_trog, special_room [special_room_kobold], uniq_harold
D:10:     layout_long_grid, amcnicky_altar_gilded, lair_entry_dummy,
          david_orc_2, ebering_ghost_funeral_grove, chequers_mini_garden
D:11:     layout_big_octagon, minmay_misc_feat_rows, small_chamber_with_monster
D:12:     layout_basic, serial_shops, shop, kiku_gazebo_pond_becter
D:13:     layout_layer_cave, drop_trap, minmay_librarian, uniq_frances,
          uniq_sonja
D:14:     layout_grid_maze, lightli_vaults_fourway_checkpoint, serial_demonic,
          serial_demonic_d, serial_demonic_a, serial_demonic_b,
          serial_demonic_e, uniq_snorg, uniq_louise
D:15:     grunt_enter_depths_hoard, layout_loops_ring, amcnicky_mini_pool_small,
          minmay_microvault, uniq_jorgrun, uniq_nessos
Temple:   nicolae_temple_ecumenical_triangle
Lair:1:   layout_chaotic_city, minivault_24, beast_lair_carwin_6
Lair:2:   layout_chaotic_city, minmay_shoals_entry_centaurs,
          minmay_snake_entry_guardpost_small, lightli_volcano_entry_magma_tube,
          grunt_megastairs_2, uniq_amaemon
Lair:3:   layout_roguey, uniq_josephine
Lair:4:   layout_gridlike, slime_entry_1, lemuel_fruit_tree, grunt_megastairs_5,
          serial_bayou_shore_b
Lair:5:   hangedman_lair_caniforms_friends, layout_small_grid,
          hangedman_lair_in_review, serial_bayou_shore_b,
          infiniplex_staircase_pool
Shoals:1: layout_shoals, uniq_nikola
Shoals:2: layout_shoals, serial_shops, nicolae_square_shop, ldierk_geyser
Shoals:3: layout_shoals, uniq_ilsuiw, uniq_kirke
Shoals:4: shoals_end_grunt_ice, layout_shoals, nicolae_shoals_square_sea_wall
Snake:1:  layout_layer_cave, minmay_shop_star
Snake:2:  layout_chambers, serial_bayou, serial_bayou_pond_e,
          serial_bayou_shore_a, serial_bayou_crossing, serial_bayou_lagoon_b,
          serial_bayou_pond_a, serial_bayou_pond_d, drop_trap, uniq_vashnia,
          uniq_donald, uniq_aizul
Snake:3:  layout_cave_town, nicolae_stop_n_shop_1, nicolae_snake_bzzzt,
          minmay_shop_grove
Snake:4:  minmay_snake_end_coiled, layout_cave_town, uniq_agnes
Orc:1:    cheibrodos_orc_arena, layout_caves, uniq_maurice, uniq_fannar
Orc:2:    st_orc_ogre_mass, layout_caves, nicolae_orc_lava_room
Vaults:1: nicolae_vaults_circle_grid_a, vaults_dpeg_diagonal,
          nicolae_vaults_inception_statues, hangedman_vaults_stagger,
          v_alt_pattern_1, nicolae_vaults_ninety_degrees, vaults_room_corners,
          nicolae_vaults_border_crossing, ontoclasm_vaults_claustrophobia,
          vaults_room_corners, dpeg_vaults_monster_box,
          layout_vaults_chaotic_city, serial_shops, shop
Vaults:2: vaults_dpeg_spiral, v_misc_10, ontoclasm_vaults_misaligned,
          vaults_room_fours, hangedman_vaults_maws, ontoclasm_vaults_ring_small,
          hangedman_vaults_stretched_pinwheel, nicolae_vaults_little_squares_3,
          v_alt_pattern_3, nicolae_vaults_mini_display_case,
          minmay_crypt_entry_simple_round, ontoclasm_vaults_idyll,
          v_alt_pattern_1, layout_vaults_maze_snakey, serial_shops,
          nicolae_shop_hallway_stairs
Vaults:3: vaults_standard_mumra_enter_the_diamond, hangedman_vaults_stitches,
          grunt_vaults_diagonal, v_misc_28, hangedman_vaults_hat,
          hangedman_vaults_river_flow, v_misc_4, nicolae_vaults_theta,
          v_alt_pattern_1, vaults_dpeg_encased_lava, layout_vaults_ring,
          serial_shops, nicolae_square_shop, nicolae_shop_window_shopping
Vaults:4: nicolae_vaults_network_star, v_rooms_5, vaults_room_hallway,
          ontoclasm_vaults_ring_large, v_misc_27, nicolae_vaults_shelves_hall,
          nicolae_vaults_three_branches, layout_vaults_omnigrid, serial_shops,
          shop_scrolls, nicolae_shop_bloodbath_and_beyond, shop, shop

Notes
Turn   | Place    | Note
-------+----------+-------------------------------------------
     0 | D:1      | spiderkeys the Demonspawn Ice Elementalist began the quest
                  | for the Orb.
     0 | D:1      | Reached XP level 1. HP: 13/13 MP: 3/3
     0 | D:1      | magus.rc [v1.11.3]
    14 | D:1      | HP: 3/13 [constriction (1)]
   251 | D:1      | Found Ydustrar's Magic Scroll Shop.
   268 | D:1      | Reached skill level 2 in Dodging
   271 | D:1      | Gained mutation: You regenerate magic rapidly. [demonic
                  | ancestry]
   271 | D:1      | Reached XP level 2. HP: 19/20 MP: 0/5
   350 | D:1      | Found Seg Xin's Book Emporium.
   502 | D:1      | Found Afei's Armour Shoppe.
   536 | D:1      | Found Xelecic's Distillery.
   659 | D:1      | Found a faded altar of an unknown god.
   833 | D:2      | Reached skill level 1 in Fighting
   929 | D:2      | You pick up a book of Dreams and begin reading...
   929 | D:2      | You add the spells Ensorcelled Hibernation, Spider Form and
                  | Anguish to your library.
   978 | D:2      | Reached XP level 3. HP: 23/26 MP: 0/6
  1086 | D:2      | Identified the +3 robe "Govebuf" {rElec rPois rC- Slay+2}
  1088 | D:2      | Upgraded the game from 0.30-a0-219-gf2db51d15e to
                  | 0.30-a0-223-gcb0039aa0c
  1088 | D:2      | magus.rc [v1.11.3]
  1302 | D:2      | Noticed Robin
  1408 | D:1      | Killed Robin
  1409 | D:1      | Reached skill level 4 in Ice Magic
  1521 | D:2      | Gained mutation: You have a pair of small antennae on your
                  | head. [demonic ancestry]
  1521 | D:2      | Reached XP level 4. HP: 32/32 MP: 5/7
  1664 | D:2      | Noticed Terence
  1672 | D:2      | Killed Terence
  1839 | D:3      | Found an opulent altar of Gozag.
  1846 | D:3      | You pick up a book of Vapours and begin reading...
  1846 | D:3      | You add the spells Poisonous Vapours, Cigotuvi's Dreadful
                  | Rot and Mephitic Cloud to your library.
  1851 | D:3      | Learned a level 3 spell: Ozocubu's Armour
  1855 | D:3      | Learned a level 3 spell: Frozen Ramparts
  1881 | D:3      | Reached skill level 2 in Fighting
  1893 | D:3      | Found a glowing drain.
  1930 | D:3      | Reached XP level 5. HP: 38/38 MP: 6/9
  1943 | Sewer    | Entered a sewer
  1982 | Sewer    | Reached skill level 3 in Spellcasting
  2176 | Sewer    | Reached skill level 3 in Dodging
  2465 | Sewer    | Gained mutation: You have an unusually large brain. (Int
                  | +2) [demonic ancestry]
  2465 | Sewer    | Reached XP level 6. HP: 25/46 MP: 0/11
  2474 | Sewer    | Reached skill level 3 in Fighting
  2863 | D:3      | Found a sparkling altar of Nemelex Xobeh.
  3369 | D:3      | Noticed Grinder
  3650 | D:4      | Found a sacrificial altar of Ru.
  3751 | D:4      | Reached skill level 5 in Ice Magic
  3751 | D:4      | Gained mutation: When hurt, damage is shared between your
                  | health and your magic reserves. [demonic ancestry]
  3751 | D:4      | Reached XP level 7. HP: 52/52 MP: 6/12
  3772 | D:4      | Reached skill level 4 in Spellcasting
  3776 | D:4      | Found a sand-covered staircase.
  3795 | Ossuary  | Entered an ossuary
  3834 | Ossuary  | Reached skill level 4 in Dodging
  4344 | D:4      | You pick up a book of Chaos and begin reading...
  4344 | D:4      | You add the spells Conjure Ball Lightning, Disjunction and
                  | Discord to your library.
  4488 | D:4      | Noticed Duvessa
  4488 | D:4      | Noticed Dowan
  4498 | D:4      | Killed Duvessa
  4499 | D:4      | Reached skill level 4 in Fighting
  4501 | D:4      | HP: 13/54 [Dowan/stone arrow (18)]
  4506 | D:4      | Killed Dowan
  4873 | D:5      | Entered Level 5 of the Dungeon
  4883 | D:5      | Gained mutation: A meltable shield of frost defends you.
                  | (SH +4) [demonic ancestry]
  4883 | D:5      | Reached XP level 8. HP: 53/60 MP: 2/14
  4989 | D:5      | Found an iron altar of Okawaru.
  5319 | D:5      | Reached skill level 5 in Spellcasting
  5324 | D:5      | Reached skill level 5 in Dodging
  5324 | D:5      | Reached skill level 6 in Ice Magic
  5595 | D:6      | Noticed Pikel
  5601 | D:6      | Reached skill level 5 in Fighting
  5608 | D:6      | Killed Pikel
  5684 | D:6      | Gained mutation: You have a pair of antennae on your head.
                  | [demonic ancestry]
  5684 | D:6      | Reached XP level 9. HP: 49/68 MP: 5/17
  5770 | D:6      | Found a staircase to the Ecumenical Temple.
  5776 | D:6      | Learned a level 4 spell: Summon Ice Beast
  5783 | Temple   | Entered the Ecumenical Temple
  5830 | Temple   | Became a worshipper of Hepliaklqana the Forgotten
  6039 | D:6      | Found Pecvef's Weapon Emporium.
  6161 | D:6      | Noticed Maggie
  6174 | D:6      | Killed Maggie
  6175 | D:6      | Reached skill level 6 in Fighting
  6175 | D:6      | Reached skill level 6 in Spellcasting
  6281 | D:6      | Reached skill level 6 in Dodging
  6428 | D:6      | Found Gesieb's General Store.
  6499 | D:6      | Found Kelop's Armour Shop.
  6509 | D:6      | Bought a +1 robe of the Archmagi for 425 gold pieces
  6585 | D:6      | Reached skill level 7 in Ice Magic
  6588 | D:6      | Learned a level 2 spell: Poisonous Vapours
  6735 | D:6      | Found Dejev's Book Boutique.
  6927 | D:6      | Found Taenoe's Jewellery Shop.
  6992 | D:7      | You pick up a book of Spatial Translocations and begin
                  | reading...
  6992 | D:7      | You add the spells Blink, Momentum Strike and Lesser
                  | Beckoning to your library.
  7002 | D:7      | Reached skill level 1 in Poison Magic
  7011 | D:7      | You pick up a book of Alchemy and begin reading...
  7011 | D:7      | You add the spells Sublimation of Blood, Petrify and
                  | Irradiate to your library.
  7025 | D:7      | Found a snail-covered altar of Cheibriados.
  7044 | D:7      | Reached skill level 1 in Summonings
  7066 | D:7      | Noticed a two-headed ogre
  7086 | D:7      | Killed a two-headed ogre
  7087 | D:7      | Reached skill level 3 in Summonings
  7087 | D:7      | Reached skill level 4 in Poison Magic
  7147 | D:7      | Identified the +5 sling of Circularity {venom, *Corrode rC+
                  | Dex+4}
  7213 | D:7      | Reached * piety under Hepliaklqana
  7214 | D:7      | Found a blossoming altar of Fedhas.
  7228 | D:7      | Found a broken altar of Ashenzari.
  7264 | D:7      | Reached skill level 5 in Poison Magic
  7384 | D:7      | Identified a scroll of acquirement
  7384 | D:7      | Acquired 993 gold pieces
  7400 | D:7      | You pick up a book of Conjurations and begin reading...
  7400 | D:7      | You add the spells Magic Dart, Searing Ray and Fulminant
                  | Prism to your library.
  7675 | D:8      | Reached XP level 10. HP: 68/68 MP: 16/19
  7710 | D:8      | Found a shimmering blue altar of Sif Muna.
  7783 | D:8      | Found a runed translucent door.
  8019 | D:8      | Reached skill level 6 in Poison Magic
  8317 | D:8      | You pick up a book of Conjurations and begin reading...
  8362 | D:8      | Found a radiant altar of Vehumet.
  8493 | D:8      | Found a shadowy altar of Dithmenos.
  8529 | D:8      | Reached skill level 7 in Poison Magic
  9049 | D:9      | You fall into a shaft and drop 3 floors!
  9049 | D:12     | Reached ** piety under Hepliaklqana
  9052 | D:12     | Remembered your ancestor Codwaddle as a knight
  9059 | D:12     | Learned a level 5 spell: Irradiate
  9145 | D:12     | Reached skill level 1 in Conjurations
  9145 | D:12     | Reached skill level 1 in Invocations
  9158 | D:12     | Reached skill level 1 in Transmutations
  9158 | D:12     | Reached skill level 8 in Poison Magic
  9158 | D:12     | Reached skill level 2 in Invocations
  9184 | D:12     | Reached skill level 2 in Conjurations
  9189 | D:12     | Reached skill level 2 in Transmutations
  9189 | D:12     | Reached skill level 3 in Invocations
  9247 | D:12     | Found Semo Magh's Magic Scroll Emporium.
  9266 | D:12     | Bought a scroll of blinking for 90 gold pieces
  9298 | D:12     | Found an ancient bone altar of Kikubaaqudgha.
  9365 | D:11     | Noticed a boulder beetle
  9375 | D:11     | Killed a boulder beetle
  9376 | D:11     | Reached skill level 3 in Conjurations
  9376 | D:11     | Reached skill level 3 in Transmutations
  9376 | D:11     | Reached skill level 4 in Invocations
  9526 | D:11     | Noticed a two-headed ogre
  9531 | D:11     | Killed a two-headed ogre
  9532 | D:11     | Reached skill level 5 in Invocations
  9532 | D:11     | Gained mutation: You have a pair of large antennae on your
                  | head. (SInv) [demonic ancestry]
  9532 | D:11     | Reached XP level 11. HP: 72/72 MP: 17/20
  9544 | D:11     | You add the spells Vhi's Electric Charge, Arcjolt and
                  | Maxwell's Capacitive Coupling to your library.
  9580 | D:11     | Reached skill level 4 in Conjurations
  9735 | D:11     | Reached skill level 4 in Transmutations
  9735 | D:11     | Reached skill level 6 in Invocations
  9868 | D:11     | Noticed a boulder beetle
  9878 | D:11     | Killed a boulder beetle
  9879 | D:11     | Reached skill level 5 in Conjurations
  9893 | D:11     | Noticed a boulder beetle
  9902 | D:11     | Killed a boulder beetle
  9903 | D:11     | Reached skill level 5 in Transmutations
  9903 | D:11     | Reached skill level 7 in Invocations
 10082 | D:10     | Entered Level 10 of the Dungeon
 10247 | D:9      | HP: 9/72 [wyvern (13)]
 10251 | D:9      | Reached skill level 8 in Invocations
 10505 | D:9      | Reached skill level 9 in Invocations
 10599 | D:9      | Noticed Harold
 10610 | D:9      | Reached skill level 10 in Invocations
 10627 | D:9      | HP: 16/72 [Harold/+2 battleaxe of flaming (10)]
 10629 | D:9      | HP: 4/72 [Harold/+2 battleaxe of flaming (4)]
 10851 | D:9      | Killed Harold
 10869 | D:9      | Noticed a two-headed ogre
 10921 | D:9      | Found a bloodstained altar of Trog.
 10927 | D:9      | Found an ornate altar of the Wu Jian Council.
 10936 | D:9      | Reached *** piety under Hepliaklqana
 11170 | D:9      | Identified the +7 flail of the Lurker {drain, rN+ Int+3}
 11421 | D:10     | Found a staircase to the Lair.
 11425 | D:10     | Noticed a two-headed ogre
 11430 | D:10     | Killed a two-headed ogre
 11686 | D:10     | Reached XP level 12. HP: 75/79 MP: 22/22
 11697 | D:10     | Found a staircase to the Orcish Mines.
 11731 | D:10     | Found a burning altar of Makhleb.
 11744 | D:10     | You add the spells Ignite Poison, Sticky Flame and Ignition
                  | to your library.
 11877 | D:10     | Found a runed translucent door.
 11878 | D:10     | Noticed heikuro's ghost (journeyman FoFi)
 11879 | D:10     | Identified the +7 spear of Bread {freeze, Fly}
 12741 | D:12     | Reached skill level 7 in Spellcasting
 12741 | D:12     | Reached skill level 6 in Conjurations
 12838 | D:12     | Reached **** piety under Hepliaklqana
 13030 | D:12     | Reached skill level 6 in Transmutations
 13256 | D:13     | Noticed a seven-headed hydra
 13261 | D:13     | Killed a seven-headed hydra
 13351 | D:13     | Noticed a boulder beetle
 13361 | D:13     | Killed a boulder beetle
 13372 | D:13     | Noticed Frances
 13666 | D:13     | Killed Frances
 13667 | D:13     | Reached skill level 8 in Ice Magic
 13813 | D:13     | Noticed a tengu warrior
 13820 | D:13     | Killed a tengu warrior
 13931 | D:13     | Noticed Sonja
 13935 | D:13     | Killed Sonja
 13936 | D:13     | Reached skill level 7 in Conjurations
 14338 | D:13     | Reached skill level 7 in Transmutations
 14825 | D:13     | Reached skill level 8 in Spellcasting
 14906 | D:13     | You pick up a book of Sloth and begin reading...
 14906 | D:13     | You add the spells Metabolic Englaciation and Statue Form
                  | to your library.
 14920 | D:13     | You pick up a book of the Warp and begin reading...
 14920 | D:13     | You add the spells Manifold Assault and Dispersal to your
                  | library.
 15284 | D:14     | Noticed a two-headed ogre
 15284 | D:14     | Noticed a boulder beetle
 15295 | D:14     | Noticed a vault guard
 15298 | D:14     | Noticed a centaur warrior
 15310 | D:14     | HP: 10/79 [centaur warrior/arrow (11)]
 15697 | D:6      | Bought a book of the Tundra for 352 gold pieces
 15697 | D:6      | You pick up a book of the Tundra and begin reading...
 15697 | D:6      | You add the spells Hailstorm, Ice Form and Simulacrum to
                  | your library.
 15703 | D:6      | Learned a level 4 spell: Ice Form
 15772 | Lair:1   | Entered Level 1 of the Lair of Beasts
 15775 | Lair:1   | Noticed a death yak
 15778 | Lair:1   | Noticed a death yak
 15787 | Lair:1   | Killed a death yak
 15787 | Lair:1   | Killed a death yak
 15788 | Lair:1   | Reached skill level 8 in Conjurations
 15788 | Lair:1   | Reached skill level 8 in Transmutations
 15792 | Lair:1   | Learned a level 3 spell: Hailstorm
 16175 | Lair:1   | Reached skill level 7 in Fighting
 16175 | Lair:1   | Reached XP level 13. HP: 80/86 MP: 5/25
 16842 | Lair:2   | Reached skill level 9 in Conjurations
 16868 | Lair:2   | Found a staircase to the Snake Pit.
 16982 | Lair:2   | Found a dark tunnel.
 16990 | Volcano  | Entered a volcano
 16990 | Volcano  | Reached ***** piety under Hepliaklqana
 17074 | Volcano  | Reached skill level 8 in Fighting
 17661 | Volcano  | Reached skill level 9 in Spellcasting
 17806 | Volcano  | n - a +1 quick blade of flaming {rare}
 17901 | Lair:2   | Found a staircase to the Shoals.
 18233 | Lair:2   | Noticed Amaemon
 18244 | Lair:2   | Killed Amaemon
 18695 | Lair:3   | Reached skill level 10 in Conjurations
 18807 | Lair:3   | Reached skill level 9 in Fighting
 18818 | Lair:3   | Noticed Josephine
 18827 | Lair:3   | Killed Josephine
 19785 | Lair:4   | HP: 15/90 [cane toad (13)]
 19787 | Lair:4   | HP: 7/90 [blink frog (9)]
 20033 | Lair:4   | Reached XP level 14. HP: 87/97 MP: 16/27
 20113 | Lair:4   | Reached skill level 10 in Spellcasting
 20133 | Lair:4   | You add the spells Tukima's Dance, Passage of Golubria and
                  | Yara's Violent Unravelling to your library.
 20184 | Lair:4   | Learned a level 5 spell: Yara's Violent Unravelling
 20290 | Lair:4   | Found a staircase to the Slime Pits.
 20290 | Lair:4   | Found a viscous altar of Jiyva.
 20642 | Lair:4   | You add the spells Sting and Olgreb's Toxic Radiance to
                  | your library.
 20684 | Lair:5   | Entered Level 5 of the Lair of Beasts
 20781 | Lair:5   | Reached skill level 1 in Hexes
 20998 | Lair:5   | Reached skill level 2 in Hexes
 20998 | Lair:5   | HP: 24/98 [poisoned by a black mamba]
 21003 | Lair:5   | HP: 20/98 [poisoned by a black mamba]
 21089 | Lair:5   | Reached skill level 11 in Conjurations
 21092 | Lair:5   | Reached skill level 10 in Fighting
 21460 | Lair:5   | Reached skill level 3 in Hexes
 21615 | Lair:5   | Learned a level 4 spell: Olgreb's Toxic Radiance
 21788 | Lair:5   | Reached skill level 4 in Hexes
 22317 | Lair:5   | Reached skill level 11 in Spellcasting
 22401 | Lair:5   | Reached skill level 5 in Hexes
 22486 | Lair:5   | Reached skill level 12 in Conjurations
 22505 | Lair:5   | HP: 16/99 [dire elephant (10)]
 23175 | Lair:5   | Reached skill level 12 in Spellcasting
 23321 | Lair:5   | Identified the +6 plate armour "Dipiw" {rF+}
 23335 | Lair:5   | Gained mutation: A meltable icy envelope protects you from
                  | harm. (AC +4) [demonic ancestry]
 23335 | Lair:5   | Reached XP level 15. HP: 52/103 MP: 9/31
 23688 | Lair:5   | Learned a level 4 spell: Anguish
 23688 | Lair:5   | magus.rc [v1.11.3]
 23899 | D:14     | Reached skill level 1 in Necromancy
 23992 | D:14     | Reached skill level 2 in Necromancy
 24103 | D:14     | Reached skill level 7 in Dodging
 24292 | D:14     | Reached skill level 3 in Necromancy
 24295 | D:14     | Noticed Snorg
 24301 | D:14     | Killed Snorg
 24381 | D:14     | Noticed Louise
 24647 | D:14     | Found a gate to the Vaults.
 24783 | D:14     | Killed Louise
 24884 | D:14     | Reached skill level 4 in Necromancy
 25030 | D:15     | Entered Level 15 of the Dungeon
 25036 | D:15     | Noticed Jorgrun
 25043 | D:15     | Killed Jorgrun
 25242 | D:15     | Noticed Nessos
 25253 | D:15     | Killed Nessos
 25360 | D:15     | Reached skill level 8 in Dodging
 25360 | D:15     | Reached skill level 5 in Necromancy
 25403 | D:15     | Found a staircase to the Depths.
 25479 | D:15     | Reached skill level 13 in Spellcasting
 25646 | D:15     | You pick up a book of Storms and begin reading...
 25646 | D:15     | You add the spells Airstrike, Summon Lightning Spire and
                  | Lightning Bolt to your library.
 25748 | D:15     | Reached skill level 6 in Necromancy
 26155 | D:15     | Upgraded the game from 0.30-a0-223-gcb0039aa0c to
                  | 0.30-a0-241-g1121274140
 26155 | D:15     | magus.rc [v1.11.3]
 26400 | Shoals:1 | Entered Level 1 of the Shoals
 26406 | Lair:2   | Learned a level 2 spell: Searing Ray
 26673 | D:1      | Bought a book of Iron for 396 gold pieces
 26673 | D:1      | You pick up a book of Iron and begin reading...
 26673 | D:1      | You add the spells Animate Armour, Blade Hands and Iron
                  | Shot to your library.
 26830 | D:6      | Bought a manual of Dodging for 880 gold pieces
 27030 | D:1      | Bought a scroll of amnesia for 56 gold pieces
 27030 | D:1      | Bought a scroll of amnesia for 56 gold pieces
 27519 | Lair:4   | Upgraded the game from 0.30-a0-241-g1121274140 to
                  | 0.30-a0-311-gf115ab0292
 27519 | Lair:4   | magus.rc [v1.11.3]
 27519 | Lair:4   | Upgraded the game from 0.30-a0-311-gf115ab0292 to
                  | 0.30-a0-335-ge5acde7520
 27519 | Lair:4   | magus.rc [v1.11.3]
 27640 | Orc:1    | Entered Level 1 of the Orcish Mines
 27710 | Orc:1    | Noticed Maurice
 27716 | Orc:1    | Killed Maurice
 27779 | Orc:1    | Reached skill level 9 in Dodging
 27799 | Orc:1    | Noticed Fannar
 27805 | Orc:1    | Killed Fannar
 27860 | Orc:1    | Reached skill level 1 in Ranged Weapons
 28386 | Orc:2    | Entered Level 2 of the Orcish Mines
 28418 | Orc:2    | Paralysed by an orc sorcerer for 4 turns
 28425 | Orc:2    | Gained mutation: Your hexes are more powerful. [demonic
                  | ancestry]
 28425 | Orc:2    | Reached XP level 16. HP: 81/107 MP: 20/33
 28463 | Orc:2    | Reached skill level 2 in Ranged Weapons
 28463 | Orc:2    | Reached skill level 10 in Dodging
 28718 | Orc:2    | Reached skill level 3 in Ranged Weapons
 28726 | Orc:2    | Reached skill level 11 in Dodging
 28939 | Orc:2    | Found Utarr's Armour Shoppe.
 28939 | Orc:2    | Found Fuuquz's General Store.
 28940 | Orc:2    | Found Doamp's Magic Scroll Shop.
 28940 | Orc:2    | Found Urole's Magic Scroll Emporium.
 28955 | Orc:2    | Bought a scroll of acquirement for 572 gold pieces
 28968 | Orc:2    | Acquired the +3 pair of boots "Heerrek" {Int+3}
 28986 | Orc:2    | Found a staircase to the Elven Halls.
 29652 | D:10     | Killed heikuro's ghost
 29653 | D:10     | Reached skill level 12 in Dodging
 29689 | D:10     | Learned a level 6 spell: Statue Form
 29698 | D:10     | Learned a level 6 spell: Iron Shot
 29776 | Snake:1  | Entered Level 1 of the Snake Pit
 29868 | Snake:1  | Reached skill level 4 in Ranged Weapons
 29910 | Snake:1  | Found Vosew's Antique Armour Boutique.
 29936 | Snake:1  | Found Oton's Antique Weapon Shop.
 29938 | Snake:1  | Found Bosepaq's Assorted Antiques.
 29952 | Snake:1  | You add the spells Summon Forest, Eringya's Noxious Bog and
                  | Summon Hydra to your library.
 29975 | Snake:1  | Reached skill level 1 in Earth Magic
 30152 | Snake:1  | Reached skill level 14 in Spellcasting
 30157 | Snake:1  | Reached skill level 2 in Earth Magic
 30177 | Snake:1  | You drop a +1 quick blade of flaming {rare}.
 30338 | Snake:1  | Reached skill level 3 in Earth Magic
 30558 | Snake:1  | Reached ****** piety under Hepliaklqana
 30840 | Snake:1  | Reached skill level 5 in Ranged Weapons
 30840 | Snake:1  | Reached skill level 4 in Earth Magic
 31254 | Snake:2  | Reached skill level 5 in Earth Magic
 31310 | Snake:2  | Noticed Donald
 31320 | Snake:2  | Killed Donald
 31349 | Snake:2  | HP: 35/141 [naga sharpshooter/arrow (1)]
 31559 | Snake:2  | Reached skill level 6 in Earth Magic
 31605 | Snake:2  | Reached skill level 6 in Ranged Weapons
 31774 | Snake:2  | Gained mutation: You have an extremely huge brain. (Int +4)
                  | [demonic ancestry]
 31774 | Snake:2  | Reached XP level 17. HP: 115/115 MP: 35/35
 31826 | Snake:2  | You pick up a book of Decay and begin reading...
 31826 | Snake:2  | You add the spells Dispel Undead and Death Channel to your
                  | library.
 31881 | Snake:2  | Reached skill level 7 in Earth Magic
 32055 | Snake:2  | Noticed Aizul
 32064 | Snake:2  | Killed Aizul
 32394 | Snake:2  | Noticed Vashnia
 32420 | Snake:2  | HP: 36/149 [Vashnia/bolt (6)]
 32421 | Snake:2  | HP: 15/149 [Vashnia/bolt (6)]
 32422 | Snake:2  | Killed Vashnia
 32423 | Snake:2  | Reached skill level 7 in Ranged Weapons
 32423 | Snake:2  | Reached skill level 8 in Earth Magic
 33440 | Snake:3  | Found Cowifeij's Armour Shop.
 33698 | Snake:3  | Reached skill level 9 in Earth Magic
 34245 | Snake:3  | Reached skill level 8 in Ranged Weapons
 34416 | Snake:3  | Found Gurum's Jewellery Shoppe.
 34417 | Snake:3  | Found Afautt's Book Boutique.
 34418 | Snake:3  | Found Toud's Jewellery Shoppe.
 34646 | Snake:3  | Upgraded the game from 0.30-a0-335-ge5acde7520 to
                  | 0.30-a0-341-g682706514a
 34646 | Snake:3  | magus.rc [v1.11.3]
 34655 | Snake:4  | Entered Level 4 of the Snake Pit
 34685 | Snake:4  | Reached skill level 10 in Earth Magic
 35314 | Snake:4  | HP: 32/149 [salamander tyrant/flame surge (9)]
 35830 | Snake:4  | Reached skill level 11 in Earth Magic
 36125 | Snake:4  | Reached skill level 9 in Ranged Weapons
 36220 | Snake:4  | Got a serpentine rune of Zot
 36289 | Snake:4  | Noticed Agnes
 36291 | Snake:4  | Reached XP level 18. HP: 120/120 MP: 8/36
 36296 | Snake:4  | Killed Agnes
 36666 | Snake:4  | Reached skill level 12 in Earth Magic
 36791 | Snake:4  | You pick up a book of Blood and begin reading...
 37478 | Vaults:1 | Entered Level 1 of the Vaults
 37649 | Vaults:1 | Reached skill level 10 in Ranged Weapons
 37940 | Vaults:1 | Reached skill level 13 in Earth Magic
 38170 | Vaults:1 | Found Syafryes's Magic Scroll Shop.
 39487 | Vaults:2 | Reached skill level 14 in Earth Magic
 39594 | Vaults:2 | Reached skill level 11 in Ranged Weapons
 39953 | Vaults:2 | Found a staircase to the Crypt.
 39963 | Vaults:2 | Reached XP level 19. HP: 122/127 MP: 8/37
 40258 | Vaults:2 | Found Vaodweer's Weapon Emporium.
 40346 | Vaults:2 | Reached skill level 13 in Dodging
 40800 | Vaults:3 | Reached skill level 11 in Fighting
 40832 | Vaults:3 | Upgraded the game from 0.30-a0-341-g682706514a to
                  | 0.30-a0-509-gd016549fea
 40832 | Vaults:3 | magus.rc [v1.11.3]
 41059 | Vaults:3 | Found Husyi's General Store.
 41302 | Vaults:3 | Reached skill level 12 in Ranged Weapons
 41410 | Vaults:3 | Reached skill level 14 in Dodging
 41603 | Vaults:3 | Paralysed by a great orb of eyes for 3 turns
 41613 | Vaults:3 | Paralysed by a great orb of eyes for 3 turns
 41660 | Vaults:3 | Found Sasherpho's Book Emporium.
 41688 | Vaults:3 | Bought a book of Blasting for 640 gold pieces
 41688 | Vaults:3 | You pick up a book of Blasting and begin reading...
 41688 | Vaults:3 | You add the spells Kindle Blastsparks, Iskenderun's Mystic
                  | Blast and Lee's Rapid Deconstruction to your library.
 41688 | Vaults:3 | Bought a book of Annihilations for 960 gold pieces
 41688 | Vaults:3 | You pick up a book of Annihilations and begin reading...
 41688 | Vaults:3 | You add the spells Chain Lightning, Fire Storm and Shatter
                  | to your library.
 41952 | Vaults:3 | Reached skill level 12 in Fighting
 42066 | Vaults:3 | Learned a level 5 spell: Lee's Rapid Deconstruction
 42572 | Vaults:4 | Identified the +9 rapier of Oghime Tiren {vorpal, rElec
                  | Int+2}
 42695 | Vaults:4 | Found Duhuukitem's Distillery.
 42701 | Vaults:4 | Bought a potion of curing for 66 gold pieces
 42701 | Vaults:4 | Bought a potion of curing for 66 gold pieces
 42760 | Vaults:4 | Gained mutation: When low on magic, you restore magic in
                  | place of health. [demonic ancestry]
 42760 | Vaults:4 | Reached XP level 20. HP: 138/138 MP: 32/38
 42898 | Vaults:4 | Found Beashoarghy's Magic Scroll Boutique.
 42958 | Vaults:4 | Found Adeegi's Weapon Emporium.
 42960 | Vaults:4 | Found Uceywnuw's Antique Weapon Boutique.
 43064 | Vaults:4 | Reached skill level 13 in Ranged Weapons
 44149 | Shoals:1 | Noticed Nikola
 44159 | Shoals:1 | Killed Nikola
 44880 | Shoals:2 | Found Pirphita's Distillery.
 45180 | Shoals:2 | Reached skill level 13 in Fighting
 45589 | Shoals:2 | Reached skill level 15 in Earth Magic
 45624 | Shoals:2 | Acquired 778 gold pieces
 45664 | Shoals:2 | Bought a potion of curing for 39 gold pieces
 45793 | Shoals:2 | You pick up a book of Misfortune and begin reading...
 46267 | Shoals:3 | Reached skill level 15 in Spellcasting
 46708 | Shoals:3 | Noticed Kirke
 46716 | Shoals:3 | Killed Kirke
 46773 | Shoals:3 | Noticed Ilsuiw
 46782 | Shoals:3 | Killed Ilsuiw
 47103 | Shoals:4 | Entered Level 4 of the Shoals
 47712 | Shoals:4 | Identified the +9 scale mail of Dull Beauty {Int+6}
 47731 | Shoals:4 | Got a barnacled rune of Zot
 47786 | Shoals:4 | You pick up a book of Displacement and begin reading...
 47786 | Shoals:4 | You add the spells Gell's Gravitas and Teleport Other to
                  | your library.
 47874 | Shoals:4 | You pick up a book of Beasts and begin reading...
 47874 | Shoals:4 | You add the spells Summon Mana Viper and Monstrous
                  | Menagerie to your library.
 47928 | Shoals:4 | Reached skill level 14 in Ranged Weapons
 48215 | Shoals:4 | Upgraded the game from 0.30-a0-509-gd016549fea to
                  | 0.31-a0-232-gb1c03b2570
 48215 | Shoals:4 | magus.rc [v1.11.3]
 48244 | Shoals:3 | Quit the game

Vanquished Creatures
  Vashnia (Snake:2)
  Nikola (Shoals:1)
  Jorgrun (D:15)
  3 krakens
  A sphinx (Vaults:1)
  Frances (D:13)
  Donald (Snake:2)
  3 nagarajas (Snake:4)
  Ilsuiw (Shoals:3)
  8 vault wardens
  3 orc warlords
  Aizul (Snake:2)
  4 very ugly things
  2 ironbound thunderhulks
  5 ironbound preservers
  7 dire elephants
  2 crystal guardians
  Snorg (D:14)
  An ettin (Vaults:3)
  5 merfolk impalers
  5 yaktaur captains
  Fannar (Orc:1)
  3 merfolk javelineers
  Josephine (Lair:3)
  Harold (D:9)
  2 peacekeepers
  2 vault guards (D:14)
  5 great orbs of eyes
  6 hydras
  A catoblepas (Lair:5)
  2 ironbound frosthearts
  An ogre mage (Orc:2)
  6 salamander tyrants
  4 merfolk aquamancers
  3 centaur warriors
  6 boulder beetles
  10 anacondas
  11 two-headed ogres
  4 alligator snapping turtles
  10 naga warriors
  A vampire mage (Vaults:2)
  3 death yaks
  4 tengu warriors
  8 naga sharpshooters
  12 shock serpents
  A soul eater (D:14)
  Sonja (D:13)
  2 skeletal warriors (Volcano)
  2 salamander mystics (Snake:4)
  8 sea snakes
  14 deep trolls
  9 ironbound convokers
  A naga ritualist (Snake:2)
  9 wizards
  A phantasmal warrior (Vaults:4)
  A deep elf pyromancer (D:13)
  Pikel (D:6)
  3 lindwurms
  6 orc knights
  An anaconda skeleton (Volcano)
  11 harpies
  5 mana vipers
  A necromancer (Vaults:2)
  15 salamanders
  12 manticores
  A wolf spider (D:15)
  7 fauns
  4 cyclopes
  5 merfolk sirens
  18 ugly things
  A black mamba (shapeshifter) (D:14)
  8 elephants
  23 black mambas
  5 naga magi
  7 vault sentinels
  4 gargoyles (Volcano)
  5 cane toads
  3 water nymphs
  2 guardian serpents
  Maggie (D:6)
  2 torpor snails
  2 orange demons
  An unseen horror (D:13)
  A rime drake (Lair:5)
  2 efreet
  A kobold demonologist (D:9)
  A tengu conjurer (D:11)
  5 komodo dragons
  A freezing wraith (D:14)
  An ice devil (D:14)
  A hellwing (D:14)
  10 yaktaurs
  2 meliai (D:15)
  3 trolls
  7 polar bears
  2 wind drakes
  A tarantella (shapeshifter) (D:14)
  17 merfolk
  7 slime creatures
  A tarantella (Vaults:4)
  23 blink frogs
  A hornet (D:9)
  2 raiju (Lair:5)
  8 dream sheep
  4 snapping turtles
  A flying skull (Volcano)
  A jumping spider (shapeshifter) (D:15)
  2 wyverns
  2 spriggans (D:10)
  5 water elementals
  A wraith (D:12)
  2 basilisks (Lair:5)
  27 yaks
  2 hogs (Shoals:3)
  A steam dragon (Lair:3)
  2 vampire mosquitoes
  A redback (Vaults:4)
  2 acid dragons
  3 wargs
  26 nagas
  6 water moccasins
  Duvessa (D:4)
  An ice beast (D:5)
  10 hell hounds (Lair:5)
  15 orc warriors
  7 black bears
  19 ogres
  10 wolves
  8 centaurs
  3 boggarts (D:14)
  2 phantoms
  2 lemures (D:6)
  5 kobold brigands
  10 bullfrogs
  3 scorpions
  A gnoll sergeant (D:8)
  Dowan (D:4)
  4 killer bees (D:8)
  A spriggan skeleton (Volcano)
  4 howler monkeys
  7 electric eels
  5 hounds
  18 orc priests
  A gnoll bouda (D:8)
  Terence (D:2)
  4 hell rats (Lair:5)
  2 iguanas (D:6)
  17 orc wizards
  A statue (D:8)
  A naga skeleton (Volcano)
  8 mummies (Ossuary)
  Robin (D:1)
  11 gnolls
  4 river rats
  15 adders
  A shadow imp (D:6)
  A worm (D:3)
  2 dart slugs
  82 orcs
  4 endoplasms
  3 giant cockroaches
  A gnoll zombie (Ossuary)
  7 hobgoblins
  8 jackals
  15 kobolds
  2 quokkas
  28 ball pythons
  A bat (D:2)
  6 frilled lizards
  12 goblins
  2 goblin zombies (D:4)
  A hobgoblin zombie (Ossuary)
  2 kobold zombies (Ossuary)
  4 orc zombies (Ossuary)
  28 rats
  7 tentacles
972 creatures vanquished.

Vanquished Creatures (collateral kills)
  A kraken (Shoals:2)
  Kirke (Shoals:3)
  Agnes (Snake:4)
  3 sphinxes
  A nagaraja (Snake:4)
  A frost giant (Shoals:4)
  2 orc warlords
  4 ironbound preservers
  2 vault wardens
  A war gargoyle (Vaults:3)
  5 very ugly things
  3 ironbound thunderhulks
  Nessos (D:15)
  8 dire elephants
  5 merfolk impalers
  The ghost of heikuro the Carver, a journeyman FoFi of Wu Jian (D:10)
  A fire dragon (D:15)
  An ice dragon (D:15)
  2 vault guards (D:14)
  2 great orbs of eyes
  A salamander tyrant (Snake:3)
  An entropy weaver (Vaults:4)
  3 yaktaur captains
  2 catoblepae (D:15)
  2 ironbound frosthearts
  4 ogre magi
  A boulder beetle (Vaults:2)
  A merfolk avatar (Shoals:4)
  2 satyrs
  3 anacondas
  2 death knights (Vaults:2)
  A centaur warrior (D:14)
  12 two-headed ogres
  2 death yaks (Lair:5)
  3 naga warriors
  8 naga sharpshooters
  2 shock serpents
  Amaemon (Lair:2)
  13 sea snakes
  14 deep trolls
  6 naga ritualists
  5 lindwurms
  3 orc knights
  16 harpies
  15 ugly things
  An anaconda skeleton (Volcano)
  6 ironbound convokers
  5 mana vipers
  2 wizards
  3 orc sorcerers
  7 salamanders
  6 fauns
  7 merfolk sirens
  A cyclops (D:13)
  2 manticores
  Maurice (Orc:1)
  6 elephants
  5 naga magi
  22 black mambas
  6 vault sentinels
  5 guardian serpents
  2 water nymphs
  6 cane toads
  A rust devil (D:14)
  A gargoyle (Volcano)
  A kobold demonologist (D:11)
  20 yaktaurs
  A freezing wraith (D:14)
  A hellwing (D:14)
  2 rime drakes
  3 komodo dragons
  An ice devil (D:14)
  4 wind drakes (Shoals:4)
  4 trolls
  15 merfolk
  A meliai (D:15)
  6 polar bears
  A hornet (D:11)
  2 snapping turtles
  A raiju (Lair:5)
  5 dream sheep
  6 blink frogs
  2 harpy skeletons (Volcano)
  A jumping spider (Vaults:4)
  15 slime creatures
  2 flying skulls (Volcano)
  5 water elementals
  A ynoxinul (D:14)
  6 wraiths
  A wyvern (Lair:5)
  2 basilisks
  17 yaks
  5 vampire mosquitoes
  2 hogs (Shoals:3)
  3 wargs
  23 nagas
  3 acid dragons
  4 water moccasins
  4 hell hounds (Lair:5)
  11 orc warriors
  A sky beast (shapeshifter) (D:14)
  7 black bears (Lair:5)
  An ice beast (D:7)
  10 ogres
  7 wolves
  2 centaurs (D:15)
  A phantom (D:8)
  3 kobold brigands
  3 bullfrogs
  A killer bee (D:8)
  2 spriggan skeletons (Volcano)
  A howler monkey (D:8)
  2 troll skeletons (Volcano)
  4 electric eels
  3 orc priests
  16 orc wizards
  3 hell rats (Lair:5)
  A naga skeleton (Volcano)
  A gnoll (D:8)
  A white imp (D:7)
  25 orcs
  2 kobolds
  9 tentacles
551 creatures vanquished.

Vanquished Creatures (others)
  A vault warden (Vaults:3)
  Louise (D:14)
  2 yaktaur captains
  A merfolk aquamancer (Shoals:4)
  A satyr (Shoals:3)
  A two-headed ogre (Orc:2)
  2 fauns
  3 yaktaurs
  A merfolk (Shoals:4)
  A naga (Snake:2)
  An ogre (Orc:2)
  2 ancestors (D:8)
  50 knights
  30 tentacles
97 creatures vanquished.

Grand Total: 1620 creatures vanquished

Table legend:
 A = Non-vault XP
 B = Vault XP
 C = Vault XP percentage of total XP
 D = Non-vault monster count
 E = Vault monster count
 F = Vault count percentage of total count
                 A         B        C        D         E       F
            +---------+---------+-------+---------+---------+-------
      Total |  364732 |  212382 |  36.8 |     971 |     549 |  36.1
            +---------+---------+-------+---------+---------+-------
        D:1 |      17 |      22 |  56.4 |      11 |       5 |  31.2
        D:2 |      38 |      56 |  59.6 |      16 |      11 |  40.7
        D:3 |     109 |      44 |  28.8 |      22 |      15 |  40.5
        D:4 |     228 |     301 |  56.9 |      10 |       5 |  33.3
        D:5 |     695 |       0 |   0.0 |      12 |       0 |   0.0
        D:6 |     919 |    1053 |  53.4 |      19 |       2 |   9.5
        D:7 |    1337 |       4 |   0.3 |       6 |       1 |  14.3
        D:8 |    1661 |     477 |  22.3 |      37 |      27 |  42.2
        D:9 |    2897 |    1728 |  37.4 |      20 |      11 |  35.5
       D:10 |    1880 |    1948 |  50.9 |      29 |      12 |  29.3
       D:11 |    6485 |     358 |   5.2 |      18 |       1 |   5.3
       D:12 |    3645 |       0 |   0.0 |      10 |       0 |   0.0
       D:13 |    5077 |    2866 |  36.1 |      15 |       3 |  16.7
       D:14 |    3407 |   14068 |  80.5 |      13 |      22 |  62.9
       D:15 |   15601 |    5211 |  25.0 |      31 |       5 |  13.9
     Lair:1 |    4462 |    1993 |  30.9 |      18 |       6 |  25.0
     Lair:2 |    5453 |    3306 |  37.7 |      22 |      13 |  37.1
     Lair:3 |    4020 |    1714 |  29.9 |      17 |       5 |  22.7
     Lair:4 |    4077 |    2295 |  36.0 |      12 |       5 |  29.4
     Lair:5 |   18540 |   21277 |  53.4 |      66 |      77 |  53.8
   Shoals:1 |   13258 |    2655 |  16.7 |      25 |       1 |   3.8
   Shoals:2 |   22848 |       0 |   0.0 |      42 |       0 |   0.0
   Shoals:3 |   15102 |    6101 |  28.8 |      28 |      10 |  26.3
   Shoals:4 |   14815 |   18049 |  54.9 |      31 |      29 |  48.3
    Snake:1 |   15831 |       0 |   0.0 |      31 |       0 |   0.0
    Snake:2 |   31610 |    9335 |  22.8 |      62 |       8 |  11.4
    Snake:3 |   19466 |    2564 |  11.6 |      38 |       7 |  15.6
    Snake:4 |   28888 |   20727 |  41.8 |      55 |      37 |  40.2
      Orc:1 |    3964 |    3816 |  49.0 |      43 |      20 |  31.7
      Orc:2 |    5069 |   18954 |  78.9 |      49 |      40 |  44.9
   Vaults:1 |   35063 |   14550 |  29.3 |      46 |      17 |  27.0
   Vaults:2 |   26231 |   11879 |  31.2 |      41 |      17 |  29.3
   Vaults:3 |   26229 |   17333 |  39.8 |      37 |      26 |  41.3
   Vaults:4 |   25810 |   20787 |  44.6 |      39 |      27 |  40.9
      Sewer |       0 |     340 | 100.0 |       0 |      47 | 100.0
    Ossuary |       0 |     153 | 100.0 |       0 |      16 | 100.0
    Volcano |       0 |    6418 | 100.0 |       0 |      21 | 100.0
            +---------+---------+-------+---------+---------+-------

Skill      XL: |  1  2  3  4  5  6  7  8  9 10 11 12 13 14 15 16 17 18 19 20 |
---------------+-------------------------------------------------------------+-----
Dodging        | 2 3 4 5 6 9 12 14 | 14.0
Fighting       | 1 2 3 4 5 6 7 9 10 12 13 | 13.9
Ice Magic      | 4 5 6 7 8 |  8.0
Spellcasting   | 3 4 5 6 8 9 12 13 14 15 | 15.4
Poison Magic   | 5 8 |  8.0
Summonings     | 3 |  3.0
Conjurations   | 3 5 8 10 12 | 12.2
Invocations    | 5 10 | 10.0
Transmutations | 3 5 8 |  8.0
Hexes          | 5 |  5.0
Necromancy     | 6 |  6.4
Ranged Weapons | 1 6 9 11 12 14 | 14.0
Earth Magic    | 6 11 14 15 | 15.5
Stealth        | |  1.7

Action                     |  1- 3 |  4- 6 |  7- 9 | 10-12 | 13-15 | 16-18 | 19-21 || total
---------------------------+-------+-------+-------+-------+-------+-------+-------++-------
  Melee: Unarmed           |    15 |       |       |       |    10 |       |       ||    25
         Dagger            |    45 |    80 |   120 |       |       |       |       ||   245
         Punch             |       |     1 |       |       |       |       |       ||     1
         Sling             |       |       |       |       |       |       |     1 ||     1
   Fire: Sling             |       |       |    18 |   323 |   698 |  1139 |   878 ||  3056
  Throw: Stone             |     2 |     2 |       |       |       |       |       ||     4
         Dart              |       |       |       |       |       |     1 |       ||     1
   Cast: Freeze            |    56 |   105 |   108 |    35 |    45 |       |       ||   349
         Ozocubu's Armour  |       |     3 |    10 |     8 |     6 |       |       ||    27
         Frozen Ramparts   |       |     5 |    10 |    33 |    34 |     7 |       ||    89
         Summon Ice Beast  |       |       |     4 |    14 |     8 |       |       ||    26
         Poisonous Vapours |       |       |     3 |    66 |    86 |    12 |       ||   167
         Irradiate         |       |       |       |     9 |    40 |    44 |    19 ||   112
         Hailstorm         |       |       |       |     4 |    37 |     1 |       ||    42
         Ice Form          |       |       |       |       |     2 |       |       ||     2
         Olgreb's Toxic Ra |       |       |       |       |    22 |    24 |    22 ||    68
         Anguish           |       |       |       |       |    12 |    21 |     3 ||    36
         Yara's Violent Un |       |       |       |       |     4 |    47 |    25 ||    76
         Searing Ray       |       |       |       |       |     1 |     5 |       ||     6
         Statue Form       |       |       |       |       |       |    63 |    63 ||   126
         Iron Shot         |       |       |       |       |       |    24 |    61 ||    85
         Lee's Rapid Decon |       |       |       |       |       |       |    16 ||    16
 Invoke: Ancestor Identity |       |       |     1 |       |       |       |       ||     1
         Recall Ancestor   |       |       |       |     5 |       |     4 |     4 ||    13
         Ancestor Life: Kn |       |       |       |     1 |       |       |       ||     1
         Idealise          |       |       |       |       |       |     4 |       ||     4
Ability: End Transformatio |       |       |       |       |     1 |     1 |       ||     2
  Evoke: Wand              |       |       |       |     2 |     3 |     8 |       ||    13
    Use: Scroll            |     6 |     9 |     6 |     5 |    11 |     8 |     2 ||    47
         Potion            |       |     1 |     1 |     5 |     2 |     4 |       ||    13
   Stab: Sleeping          |       |     1 |       |       |       |       |       ||     1
 Armour: Robe              |    12 |    46 |    40 |    33 |   107 |    20 |     3 ||   261
         Skin              |       |       |       |       |     4 |   285 |   304 ||   593
  Dodge: Dodged            |    71 |   123 |   146 |   100 |   312 |   608 |   592 ||  1952
  Block: Orb               |       |       |    15 |    27 |    55 |   112 |   100 ||   309

Illustrated notes

Table legend:
 A = Kills in this place as a percentage of kills in the entire game.
 B = Kills by you in this place as a percentage of kills by you in the entire game.
 C = Kills by friends in this place as a percentage of kills by friends in the entire game.
 D = Other kills in this place as a percentage of other kills in the entire game.
 E = Experience gained in this place as a percentage of experience gained in the entire game.
 F = Experience gained in this place divided by the number of levels of this place that you have seen.
                   A       B       C       D       E      F
               +-------+-------+-------+-------+-------+----------------------
         Total | 100.0 | 100.0 | 100.0 | 100.0 | 100.0 | 15187.2
       Dungeon |  25.6 |  30.8 |  16.8 |   6.7 |  12.5 | 4808.8
          Lair |  15.9 |  15.7 |  16.6 |   0.0 |  11.6 | 13427.4
        Shoals |  10.9 |   8.7 |  14.2 |  33.3 |  16.1 | 23207.0
     Snake Pit |  15.7 |  14.2 |  18.5 |   6.7 |  22.3 | 32105.2
  Orcish Mines |  10.0 |   9.6 |  10.7 |  13.3 |   5.5 | 15901.5
        Vaults |  16.4 |  13.4 |  21.2 |  40.0 |  30.8 | 44470.5
         Sewer |   3.1 |   4.9 |   0.0 |   0.0 |   0.1 | 340.0
       Ossuary |   1.1 |   1.7 |   0.0 |   0.0 |   0.0 | 153.0
       Volcano |   1.4 |   1.0 |   2.0 |   0.0 |   1.1 | 6418.0
               +-------+-------+-------+-------+-------+----------------------

Table legend: (Time is in decaauts)
 A = Elapsed time spent in this place.
 B = Non-inter-level travel time spent in this place.
 C = Inter-level travel time spent in this place.
 D = Time resting spent in this place.
 E = Time spent auto-exploring this place.
 F = Levels seen in this place.
 G = Mean time per level.
                   A        B        C        D        E       F      G
               +--------+--------+--------+--------+--------+-----+--------+
         Total |  52300 |  48522 |   3778 |   4459 |  34306 |  38 | 1376.3 |
       Dungeon |  18729 |  16436 |   2293 |   1160 |  12360 |  15 | 1248.6 |
        Temple |     60 |     48 |     12 |      0 |     22 |   1 |   60.0 |
          Lair |   7856 |   7120 |    736 |    386 |   5338 |   5 | 1571.2 |
        Shoals |   5374 |   5278 |     96 |    871 |   3379 |   4 | 1343.5 |
     Snake Pit |   8806 |   8546 |    260 |   1437 |   5456 |   4 | 2201.5 |
  Orcish Mines |   2025 |   1947 |     78 |    136 |   1303 |   2 | 1012.5 |
        Vaults |   7441 |   7140 |    301 |    405 |   5124 |   4 | 1860.2 |
         Sewer |    719 |    719 |      0 |     63 |    464 |   1 |  719.0 |
       Ossuary |    402 |    402 |      0 |      0 |    279 |   1 |  402.0 |
       Volcano |    884 |    884 |      0 |      0 |    579 |   1 |  884.0 |
               +--------+--------+--------+--------+--------+-----+--------+

Top non-repeatable levels by time:
  Lair:5: 3139 daAuts
 Snake:4: 2405 daAuts
Vaults:1: 2315 daAuts
 Snake:2: 2255 daAuts
 Snake:1: 2157 daAuts
    D:13: 2148 daAuts
 Snake:3: 1988 daAuts
Vaults:4: 1855 daAuts
Shoals:1: 1810 daAuts
     D:8: 1768 daAuts
Vaults:3: 1732 daAuts
Vaults:2: 1538 daAuts
     D:6: 1505 daAuts
Shoals:4: 1500 daAuts
    D:14: 1411 daAuts
